 Dungeon Crawl Stone Soup version 0.20.1-1-g8b1a95d66d (webtiles) character file.

542 NullDivider the Sneak (level 7, -2/46 HPs)
             Began as an Octopode Artificer on Dec 11, 2017.
             Slain by an orc warrior
             ... wielding a +0 glaive
              (12 damage)
             ... on level 4 of the Dungeon.
             The game lasted 00:18:44 (4320 turns).

NullDivider the Sneak (Octopode Artificer)          Turns: 4320, Time: 00:18:45

Health: -2/46      AC:  1    Str: 11    XL:     7   Next: 27%
Magic:  10/10      EV: 14    Int: 16    God:
Gold:   101        SH:  0    Dex: 14    Spells: 6/6 levels left

rFire    . . .     SeeInvis .   a - +0 short sword
rCold    . . .     Gourm    .   (no shield)
rNeg     . . .     Faith    .   (helmet restricted)
rPois    .         Spirit   .   (no amulet)
rElec    .         Reflect  .   m - +2 ring of intelligence
rCorr    .         Harm     .   (no ring)
MR       .....                  (no ring)
Stlth    ++++......             (no ring)
Regen    0.2/turn               (no ring)
MPRegen  0.2/turn               (no ring)
                                (no ring)
                                (no ring)

@: no status effects
A: almost no armour, stealthy swim, amphibious, 8 rings, constrict 8, camouflage
1, gelatinous body 1
a: no special abilities


You were on level 4 of the Dungeon.
You were hungry.

You visited 1 branch of the dungeon, and saw 4 of its levels.
You also visited: Sewer.

You collected 101 gold pieces.

Inventory:

Hand Weapons
 a - a +0 short sword (weapon)
Jewellery
 m - a +2 ring of intelligence (left tentacle)
Wands
 b - a wand of flame (15/48)
 c - a wand of enslavement (13/24)
 d - a wand of random effects (15/48)
 s - a wand of confusion (31/48)
Scrolls
 h - a scroll of teleportation
 i - a scroll of enchant armour
 l - a scroll of blinking
 u - a scroll of immolation {unknown}
 v - a scroll of recharging {unknown}
 x - a scroll of fear {unknown}
Potions
 g - 3 potions of flight
 k - 2 potions of lignification {unknown}
 q - 4 potions of curing {unknown}
 r - a potion of ambrosia {unknown}
 t - 2 potions of haste {unknown}
 z - 3 potions of resistance {unknown}
Comestibles
 f - 2 bread rations
 j - a royal jelly
 w - a meat ration


   Skills:
 + Level 3.2 Fighting
 + Level 2.6 Short Blades
 + Level 3.4 Dodging
 * Level 6.5 Stealth
 + Level 4.6 Evocations


You had 6 spell levels left.
You didn't know any spells.

Dungeon Overview and Level Annotations

Branches:
Dungeon (4/15)
 Temple: D:4-7

Altars:


Innate Abilities, Weirdness & Mutations

You cannot wear most types of armour.
You are very stealthy in the water. (Stealth+)
You are amphibious.
You can wear up to eight rings at the same time.
You can use your tentacles to constrict eight enemies at once.
Your skin changes colour to match your surroundings (Stealth+).
Your rubbery body absorbs attacks. (AC +1, EV +1)


Message History

The helpless orc fails to defend itself.
You impale the orc!!
You kill the orc!
The helpless orc warrior fails to defend itself.
You impale the orc warrior!! You grab the orc warrior.
The orc warrior is severely wounded.
You constrict the orc warrior, but do no damage.
The orc warrior hits you with a glaive!
The orc shouts!
You hit the orc warrior but do no damage.
You squeeze the orc warrior.
The orc warrior is almost dead.
You constrict the orc warrior, but do no damage.
The orc warrior hits you with a glaive!!
* * * LOW HITPOINT WARNING * * *
You barely miss the orc warrior.
The orc warrior is almost dead.
You constrict the orc warrior. The orc misses you.
The orc warrior hits you with a glaive!
You die...

.##.....#†#
#.#.#.##.
##.#.#.###
... .?... ###
##### ...
.#.#.. ...
... .. .. ...
..##+.##.#.#
#.
.......†<..#
#....o@w..#
+.....o...#
#.........#
..........#.#
.#.#.....##.#
# #.....# #
#.###.# #. ..


You could see an orc warrior, a worm and an orc.

Vanquished Creatures
  A big kobold (Sewer)
  3 orc priests
  2 orc wizards
  Crazy Yiuf (D:3)
  Jessica (D:3)
  Ijyb (D:3)
  An iguana (D:3)
  A worker ant (D:4)
  3 adders
  A river rat (Sewer)
  An ooze (D:2)
  An adder skeleton (D:3)
  4 worms
  2 dart slugs
  5 leopard geckos
  11 orcs
  7 giant cockroaches
  4 goblins
  9 hobgoblins
  3 jackals
  11 kobolds
  A ball python (D:3)
  8 bats
  4 frilled lizards
  13 rats
99 creatures vanquished.

Vanquished Creatures (collateral kills)
  An orc priest (D:4)
  An orc wizard (D:4)
2 creatures vanquished.

Vanquished Creatures (others)
  A worker ant (D:4)
1 creature vanquished.

Grand Total: 102 creatures vanquished

Notes
Turn   | Place    | Note
-------+----------+-------------------------------------------
     0 | D:1      | NullDivider the Octopode Artificer began the quest for the Orb.
     0 | D:1      | Reached XP level 1. HP: 13/13 MP: 3/3
   150 | D:1      | Reached skill level 2 in Stealth
   156 | D:1      | Reached XP level 2. HP: 18/18 MP: 4/4
   568 | D:1      | Reached XP level 3. HP: 23/23 MP: 5/5
   935 | D:2      | Reached skill level 3 in Stealth
  1429 | D:2      | Reached XP level 4. HP: 18/29 MP: 6/6
  2072 | D:3      | Reached skill level 4 in Stealth
  2095 | D:3      | Reached XP level 5. HP: 34/34 MP: 7/7
  2458 | D:3      | Found a glowing drain.
  2489 | Sewer    | Entered a sewer
  2594 | Sewer    | Noticed a big kobold
  3020 | Sewer    | Killed a big kobold
  3020 | Sewer    | Reached skill level 5 in Stealth
  3020 | Sewer    | Reached XP level 6. HP: 26/41 MP: 7/9
  3140 | Sewer    | Found a white marble altar of Elyvilon.
  3224 | D:3      | Noticed Ijyb
  3231 | D:3      | Killed Ijyb
  3314 | D:3      | Noticed Jessica
  3342 | D:3      | Killed Jessica
  3790 | D:3      | Found a runed door.
  3794 | D:3      | Noticed Crazy Yiuf
  3799 | D:3      | Killed Crazy Yiuf
  3799 | D:3      | Reached skill level 6 in Stealth
  3911 | D:4      | Reached XP level 7. HP: 46/46 MP: 10/10
  4320 | D:4      | Slain by an orc warrior

Skill      XL: |  1  2  3  4  5  6 |
---------------+-------------------+-----
Stealth        | 2 3 4 5 6 |  6.5
Fighting       | 2 3 |  3.2
Short Blades   | 2 |  2.6
Evocations     | 4 |  4.6
Dodging        | 3 |  3.4

Action                   |  1- 3 |  4- 6 |  7- 9 || total
-------------------------+-------+-------+-------++-------
Melee: Short sword       |    83 |   128 |    24 ||   235
       Constrict         |    22 |    35 |     5 ||    62
       Tentacles         |    14 |    14 |     4 ||    32
Evoke: Wand              |       |       |     2 ||     2
  Use: Scroll            |       |       |     5 ||     5
       Potion            |       |       |     1 ||     1
 Stab: Sleeping          |     9 |    19 |     4 ||    32
  Eat: Chunk             |     1 |     8 |     1 ||    10
Armor: Skin              |     6 |     3 |       ||     9
Dodge: Dodged            |    53 |    76 |    17 ||   146
